 Dungeon Crawl Stone Soup version 0.22.0 (webtiles) character file.

1724 CyclopB the Geomancer (level 9, 0/45 HPs)
             Began as an Octopode Earth Elementalist on Jan 24, 2019.
             Was a Priest of Sif Muna.
             Slain by Harold
             ... wielding a cursed -1 dire flail
              (26 damage)
             ... on level 8 of the Dungeon.
             The game lasted 00:37:57 (6674 turns).

CyclopB the Geomancer (Octopode Earth Elementalist) Turns: 6674, Time: 00:37:58

Health: 0/45       AC:  3    Str:  8    XL:     9   Next: 4%
Magic:  10/15      EV:  8    Int: 20    God:    Sif Muna [***...]
Gold:   293        SH:  0    Dex: 14    Spells: 1/16 levels left

rFire    . . .     SeeInvis .   (no weapon)
rCold    . . .     Gourm    .   (no shield)
rNeg     . . .     Faith    +   (helmet restricted)
rPois    .         Spirit   .   f - amulet of faith
rElec    .         Reflect  .   z - +3 ring of evasion
rCorr    .         Harm     .   (no ring)
MR       .....                  (no ring)
Stlth    +++.......             (no ring)
HPRegen  0.15/turn              (no ring)
MPRegen  0.14/turn              (no ring)
                                (no ring)
                                (no ring)

@: marked, berserk cooldown, very slightly contaminated, held, slowed,
invisible, very slow
A: almost no armour, stealthy swim, amphibious, 8 rings, constrict 8, thin
metallic scales 1, camouflage 1, agile 1, frail 1, gelatinous body 1
a: Divine Energy, Channel Magic, Renounce Religion


You were on level 8 of the Dungeon.
You worshipped Sif Muna.
Sif Muna was most pleased with you.
You were near starving.

You visited 2 branches of the dungeon, and saw 9 of its levels.

You collected 377 gold pieces.
You spent 84 gold pieces at shops.

Inventory:

Missiles
 b - 50 stones
 g - 117 arrows
 m - a throwing net
 t - 4 tomahawks of dispersal
 v - 4 javelins (quivered)
 F - 4 tomahawks
Jewellery
 f - an amulet of faith (around mantle)
 z - a +3 ring of evasion (left tentacle)
 A - an uncursed ring of ice
Wands
 u - a wand of iceblast (9)
 w - a wand of polymorph (11)
Scrolls
 a - a scroll of magic mapping
 d - 3 scrolls of teleportation
 e - 7 scrolls of identify
 i - a scroll of enchant weapon {unknown}
 k - 8 scrolls of remove curse
 n - 2 scrolls of amnesia
 s - a scroll of enchant armour {unknown}
 x - a scroll of random uselessness {unknown}
 y - a scroll of fog {unknown}
 C - a scroll of blinking {unknown}
Potions
 j - a potion of agility
 l - 3 potions of curing
 o - a potion of cancellation
 p - a potion of ambrosia {unknown}
 q - a potion of heal wounds {unknown}
 r - a potion of mutation
 B - a potion of lignification {unknown}
 E - a potion of magic {unknown}
 G - a potion of invisibility
Comestibles
 c - 14 rations


   Skills:
 - Level 2.0 Dodging
 - Level 2.6 Stealth
 + Level 4.0 Spellcasting
 - Level 2.0 Transmutations
 * Level 10.7 Earth Magic


You had one spell level left.
You knew the following spells:

 Your Spells              Type           Power        Failure   Level  Hunger
a - Sandblast             Erth           #####.       1%          1    None
b - Passwall              Tmut/Erth      ####....     1%          2    #......
c - Stone Arrow           Conj/Erth      ####..       4%          3    ###....
d - Petrify               Tmut/Erth      ####....     10%         4    ####...
e - Lee's Rapid Deconstr  Erth           #####.....   4%          5    ######.

Your spell library contained the following spells:

 Spells                   Type           Power        Failure   Level  Hunger


Dungeon Overview and Level Annotations

Branches:
Dungeon (8/15)             Temple (1/1) D:4
   Lair: D:8-11

Altars:
Ashenzari
Cheibriados
Dithmenos
Elyvilon
Fedhas
Gozag
Hepliaklqana
Kikubaaqudgha
Makhleb
Nemelex Xobeh
Okawaru
Qazlal
Ru
Sif Muna
Trog
Uskayaw
Vehumet
Wu Jian
Xom
The Shining One

Shops:
D:4 *   D:7 }(*[[

Annotations:
D:6 Blork the orc, Dowan, Duvessa
D:8 Harold


Innate Abilities, Weirdness & Mutations

You cannot wear most types of armour.
You are very stealthy in the water. (Stealth+)
You are amphibious.
You can wear up to eight rings at the same time.
You can use your tentacles to constrict eight enemies at once.
Your skin changes colour to match your surroundings (Stealth+).
Your rubbery body absorbs attacks. (AC +1, EV +1)
You are partially covered in thin metallic scales. (AC +2)
You are agile. (Dex +2)
You are frail. (-10% HP)


Message History

You tear a large gash into the net.
Harold closely misses you.
You struggle against the net.
Harold gestures at you while chanting. The mark upon you grows brighter.
You struggle against the net.
Harold barely misses you.
Harold hits you with an enchanted dire flail!!
Evoke which item? (* to show all) (? for menu, Esc to quit)
Okay, then.
Unknown command.
Casting: Petrify (safe; 10% risk of failure)
Confirm with . or Enter, or press ? or * to list all spells.
Aiming: Petrify (safe; 10% risk of failure)
Press: ? - help, Shift-Dir - straight line, f/p - Harold
Aim: Harold, wielding an enchanted dire flail and wearing a shiny chain mail (lightly wounded, chance to defeat MR: 24%) Harold resists with almost no effort.
You are near starving!
Harold says, "I was hoping my final job would be more of a challenge, but money is money."
Harold hits you with an enchanted dire flail!!
Ouch! That really hurt!
You die...

.##.#
....
...
##..
...
###.###
#....@#
#....@#
#.....#
#.....#
#.....#
#######


You could see Harold.

Vanquished Creatures
  Edmund (D:4)
  An ice beast (D:5)
  A black bear (D:6)
  An ogre (D:5)
  A centaur (D:7)
  A scorpion (D:5)
  4 wights (D:7)
  6 howler monkeys
  A centaur zombie (D:7)
  2 crimson imps
  A jelly (D:7)
  4 hounds
  A bullfrog skeleton (D:5)
  An orc priest (D:3)
  Natasha (D:2)
  3 iguanas
  An orc wizard (D:6)
  5 worker ants
  A hound skeleton (D:5)
  4 gnolls
  10 adders
  A shadow imp (D:7)
  3 oozes
  An adder skeleton (D:5)
  4 worms
  4 leopard geckos
  16 orcs
  2 ball pythons
  A giant cockroach (D:4)
  6 goblins
  5 hobgoblins
  2 jackals (D:5)
  3 quokkas
  8 bats
  4 frilled lizards
  A giant cockroach zombie (D:5)
  4 kobolds (D:1)
  A leopard gecko skeleton (D:4)
  A quokka skeleton (D:6)
  5 rats
123 creatures vanquished.

Notes
Turn   | Place    | Note
-------+----------+-------------------------------------------
     0 | D:1      | CyclopB the Octopode Earth Elementalist began the quest for the Orb.
     0 | D:1      | Reached XP level 1. HP: 11/11 MP: 3/3
     6 | D:1      | Noticed a black bear
     6 | D:1      | Noticed a worker ant
     6 | D:1      | Noticed a hog
     7 | D:1      | Noticed a water moccasin
   195 | D:1      | You fall through a shaft!
   209 | D:2      | Noticed Natasha
   337 | D:2      | Reached XP level 2. HP: 17/17 MP: 1/5
   506 | D:1      | Reached skill level 4 in Earth Magic
   594 | D:1      | Reached XP level 3. HP: 21/21 MP: 4/6
   602 | D:1      | Learned a level 2 spell: Passwall
  1169 | D:2      | Reached XP level 4. HP: 27/27 MP: 4/7
  1187 | D:2      | Learned a level 3 spell: Stone Arrow
  1349 | D:2      | Found a hide-covered altar of Uskayaw.
  1522 | D:2      | Killed Natasha
  1522 | D:2      | Reached skill level 5 in Earth Magic
  1875 | D:3      | Found a sparkling altar of Nemelex Xobeh.
  1893 | D:3      | Reached XP level 5. HP: 27/31 MP: 8/8
  2205 | D:3      | Found a stormy altar of Qazlal.
  2413 | D:4      | Reached skill level 6 in Earth Magic
  2437 | D:4      | Found a staircase to the Ecumenical Temple.
  2441 | Temple   | Entered the Ecumenical Temple
  2576 | Temple   | Became a worshipper of Sif Muna the Loreminder
  2687 | D:4      | Found Fatedaac's General Store.
  2693 | D:4      | Reached XP level 6. HP: 36/36 MP: 6/10
  2702 | D:4      | Noticed Edmund
  2705 | D:4      | Bought a scroll of remove curse for 42 gold pieces
  2705 | D:4      | Bought a scroll of teleportation for 42 gold pieces
  3017 | D:5      | Entered Level 5 of the Dungeon
  3239 | D:5      | Reached * piety under Sif Muna
  3366 | D:5      | Reached skill level 7 in Earth Magic
  3366 | D:5      | Reached XP level 7. HP: 41/41 MP: 9/12
  3953 | D:6      | Reached ** piety under Sif Muna
  3960 | D:6      | Noticed Duvessa
  4063 | D:6      | Found a shadowy altar of Dithmenos.
  4095 | D:6      | Noticed Blork the orc
  4170 | D:7      | Found Peogiuli's Antique Armour Shop.
  4203 | D:7      | Reached skill level 8 in Earth Magic
  4206 | D:7      | Found Caugguvyss's Antique Weapon Shop.
  4225 | D:7      | Found a snail-covered altar of Cheibriados.
  4244 | D:7      | Found Cytwub's Assorted Antiques.
  4552 | D:7      | Reached XP level 8. HP: 41/46 MP: 11/14
  5136 | D:5      | Learned a level 4 spell: Petrify
  5147 | D:5      | Gained mutation: You are partially covered in thin metallic scales. (AC +2) [potion of mutation]
  5147 | D:5      | Gained mutation: You are frail. (-10% HP) [potion of mutation]
  5147 | D:5      | Gained mutation: You have a pair of small antennae on your head. [potion of mutation]
  5148 | D:5      | Lost mutation: You have a pair of small antennae on your head. [potion of mutation]
  5148 | D:5      | Lost mutation: You are partially covered in thin metallic scales. (AC +2) [potion of mutation]
  5148 | D:5      | Gained mutation: You are partially covered in thin metallic scales. (AC +2) [potion of mutation]
  5148 | D:5      | Gained mutation: You are agile. (Dex +2) [potion of mutation]
  5289 | D:5      | Reached skill level 9 in Earth Magic
  5611 | D:4      | Killed Edmund
  5611 | D:4      | Reached *** piety under Sif Muna
  5705 | D:5      | Reached skill level 10 in Earth Magic
  5712 | D:5      | Learned a level 5 spell: Lee's Rapid Deconstruction
  5975 | D:6      | Noticed Dowan
  6137 | D:7      | Found Zoeme's Armour Shoppe.
  6405 | D:7      | Found Gigecwy's Gadget Shop.
  6561 | D:7      | Reached XP level 9. HP: 45/45 MP: 12/15
  6652 | D:8      | Noticed Harold
  6674 | D:8      | Slain by Harold

Skill      XL: |  1  2  3  4  5  6  7  8 |
---------------+-------------------------+-----
Earth Magic    | 4 5 6 7 8 10 | 10.7
Spellcasting   | 3 4 |  4.0
Transmutations | 2 |  2.0
Dodging        | |  2.0
Stealth        | |  2.6

Action                   |  1- 3 |  4- 6 |  7- 9 || total
-------------------------+-------+-------+-------++-------
Melee: Unarmed           |    51 |    39 |    78 ||   168
       Constrict         |    16 |    12 |    15 ||    43
       Tentacles         |     9 |     9 |    18 ||    36
 Cast: Sandblast         |    21 |    69 |    86 ||   176
       Stone Arrow       |       |       |     3 ||     3
       Petrify           |       |       |     7 ||     7
  Use: Scroll            |       |     4 |     2 ||     6
       Potion            |       |     2 |     6 ||     8
 Stab: Sleeping          |     3 |       |     2 ||     5
       Petrified         |       |       |    23 ||    23
  Eat: Chunk             |     1 |     7 |    10 ||    18
Armor: Skin              |     6 |     3 |     2 ||    11
Dodge: Dodged            |    35 |    30 |    60 ||   125
